 Dungeon Crawl Stone Soup version 0.24-a0-275-g6f7e2cb (webtiles) character file.

Game seed: 13357666645704334139

2988 tilp the Covert (level 9, -26/44 HPs)
             Began as a Spriggan Enchanter on Apr 28, 2019.
             Was a Believer of Kikubaaqudgha.
             Annihilated by a two-headed ogre
             ... wielding a +0 giant club
              (29 damage)
             ... on level 9 of the Dungeon.
             The game lasted 00:40:01 (11460 turns).

tilp the Covert (Spriggan Enchanter)               Turns: 11460, Time: 00:40:02

Health: -26/44     AC:  2    Str:  4    XL:     9   Next: 53%
Magic:  19/23      EV: 23    Int: 20    God:    Kikubaaqudgha [**....]
Gold:   618        SH:  0    Dex: 16    Spells: 1/13 levels left

rFire    . . .     SeeInvis +   a - +3 dagger (freeze)
rCold    . . .     Gourm    .   (shield restricted)
rNeg     . . .     Faith    .   b - +0 robe
rPois    +         Spirit   .   (helmet restricted)
rElec    .         Reflect  .   (no cloak)
rCorr    .         Harm     .   (gloves unavailable)
MR       +....                  (boots unavailable)
Stlth    +++++.....             (no amulet)
HPRegen  0.14/turn              F - ring of magical power
MPRegen  0.18/turn              z - ring of poison resistance

@: confusing touch, very quick
A: very small, unfitting armour, see invisible, herbivore, speed 3, slow
metabolism 2
a: Receive Corpses, Renounce Religion


You were on level 9 of the Dungeon.
You worshipped Kikubaaqudgha.
Kikubaaqudgha was pleased with you.
You were hungry.

You visited 2 branches of the dungeon, and saw 10 of its levels.
You also visited: Ossuary.

You collected 618 gold pieces.

Inventory:

Hand Weapons
 a - a +3 dagger of freezing (weapon)
 f - a +0 rapier
 G - a +1 short sword of speed
Missiles
 g - 146 stones
 p - 4 needles of frenzy
 w - 26 sling bullets
 E - 5 tomahawks (quivered)
Armour
 b - a +0 robe (worn)
Magical Staves
 D - an uncursed staff of air {unknown}
Jewellery
 j - an uncursed ring of flight
 q - an uncursed ring of positive energy
 z - a ring of poison resistance (right hand)
 F - a ring of magical power (left hand)
Wands
 v - a wand of iceblast (3)
 y - a wand of digging (8)
Scrolls
 d - 4 scrolls of remove curse
 i - a scroll of blinking
 l - 3 scrolls of teleportation
 m - a scroll of amnesia
 A - a scroll of enchant armour {unknown}
 B - a scroll of magic mapping {unknown}
Potions
 e - 5 potions of magic
 h - a potion of ambrosia
 k - 2 potions of resistance
 n - 3 potions of might
 o - a potion of brilliance {unknown}
 r - a potion of mutation {unknown}
 s - 2 potions of curing
 t - a potion of lignification
 u - a potion of flight {unknown}
 x - 2 potions of haste
Comestibles
 c - 7 rations


   Skills:
 - Level 3.0 Fighting
 + Level 7.9 Short Blades
 - Level 8.0 Dodging
 + Level 11.5 Stealth
 - Level 2.6 Spellcasting
 - Level 8.0 Hexes


You had one spell level left.
You knew the following spells:

 Your Spells              Type           Power        Failure   Level  Hunger
a - Corona                Hex            ####...      1%          1    None
b - Ensorcelled Hibernat  Hex/Ice        ###...       4%          2    ##.....
c - Confuse               Hex            ####....     1%          3    ###....
d - Confusing Touch       Hex            ####..       1%          1    None
e - Tukima's Dance        Hex            ####....     1%          3    ###....
f - Blink                 Tloc           N/A          22%         2    ##.....

Your spell library contained the following spells:

 Spells                   Type           Power        Failure   Level  Hunger
 Animate Skeleton         Necr           N/A          14%         1    None
 Apportation              Tloc           #.....       14%         1    None
 Flame Tongue             Conj/Fire      #....        14%         1    None
 Magic Dart               Conj           #...         14%         1    None
 Pain                     Necr           #...         14%         1    None
 Summon Small Mammal      Summ           #...         14%         1    None
 Slow                     Hex            ####....     1%          2    ##.....
 Dazzling Spray           Conj/Hex       ###...       9%          3    ###....
 Inner Flame              Hex/Fire       ###.....     9%          3    ###....
 Call Imp                 Summ           #.......     22%         2    ##.....
 Sublimation of Blood     Necr           #.........   22%         2    ##.....
 Throw Flame              Conj/Fire      #.....       22%         2    ##.....
 Conjure Flame            Conj/Fire      #.......     41%         3    ###....
 Gell's Gravitas          Tloc           #.........   41%         3    ###....
 Mephitic Cloud           Conj/Pois/Air  #.......     41%         3    ###....
 Regeneration             Chrm/Necr      #.........   41%         3    ###....
 Metabolic Englaciation   Hex/Ice        ###.......   61%         5    ######.
 Yara's Violent Unravell  Hex/Tmut       ###.......   61%         5    ######.
 Petrify                  Tmut/Erth      #.......     82%         4    ####...
 Sticky Flame             Conj/Fire      #.......     82%         4    ####...
 Fireball                 Conj/Fire      #.........   99%         5    ######.


Dungeon Overview and Level Annotations

Branches:
Dungeon (9/15)             Temple (1/1) D:4            Lair (0/6) D:8
    Orc: D:9-12

Altars:
Ashenzari
Cheibriados
Dithmenos
Elyvilon
Fedhas
Gozag
Hepliaklqana
Kikubaaqudgha
Makhleb
Nemelex Xobeh
Okawaru
Qazlal
Ru
Sif Muna
Uskayaw
Vehumet
Wu Jian
Yredelemnul

Annotations:
D:2 Natasha
D:3 Terence
D:4 exclusion: 3 gnolls
D:5 2 transporters, exclusions: slave and 7 more exclusions, Hasart's ghost, amateur KoGl
D:6 1 runed translucent door, Crazy Yiuf; Eustachio; Sigmund


Innate Abilities, Weirdness & Mutations

You are very small and have problems with some larger weapons.
You are too small for most types of armour.
You have supernaturally acute eyesight. (SInv)
You are a herbivore.
You cover ground extremely quickly.
You need to consume almost no food.


Message History

Casting: Ensorcelled Hibernation (safe; 4% risk of failure)
Confirm with . or Enter, or press ? or * to list all spells.
Aiming: Ensorcelled Hibernation (safe; 4% risk of failure)
Press: ? - help, Shift-Dir - straight line, f/p - two-headed ogre
Aim: a two-headed ogre, wielding a +0 giant club and a +0 giant spiked club (chance to confuse on hit: 46%, chance to defeat MR: 31%)
The two-headed ogre looks drowsy...
There is a stone staircase leading down here.
The helpless two-headed ogre fails to defend itself.
You hit the two-headed ogre but do no damage.
The two-headed ogre misses you.
The two-headed ogre hits you with a +0 giant spiked club!!
Ouch! That really hurt!
You hit the two-headed ogre but do no damage.
You hit the two-headed ogre but do no damage.
The two-headed ogre hits you with a +0 giant club!!
* * * LOW HITPOINT WARNING * * *
The two-headed ogre hits you with a +0 giant spiked club!!
Ouch! That really hurt!
You die...
Kikubaaqudgha rasps: "You have failed me!
Welcome... death!"

#...........#
##.######.####
#...<####.#
#..#...##.#
#<.###.##!#
#####.# #.##.#
#.....# #....#
###.###.#####
######
.......@....#
####.##O###.#
# #.. #.## #.#
#.# #.# #.#


You could see a two-headed ogre.

Vanquished Creatures
  A cyclops (D:8)
  A komodo dragon (D:8)
  Menkaure (D:6)
  2 ice beasts
  An orc warrior (D:6)
  A necrophage (D:8)
  A centaur (D:7)
  2 ogres
  A big kobold (D:7)
  An elf zombie (Ossuary)
  5 bullfrogs
  2 scorpions
  A wight (D:7)
  A howler monkey (D:4)
  A crimson imp (D:8)
  A bullfrog zombie (D:8)
  A centaur zombie (D:6)
  A quasit (D:7)
  3 jellies
  4 orc priests
  A bullfrog skeleton (D:8)
  Jessica (D:3)
  An iguana (D:8)
  7 orc wizards
  3 worker ants
  A big kobold zombie (Ossuary)
  2 hound skeletons
  2 mummies (Ossuary)
  11 adders
  3 gnolls (D:5)
  A shadow imp (D:5)
  2 oozes
  An adder skeleton (D:4)
  A worm (D:4)
  A dart slug (D:3)
  4 leopard geckos
  20 orcs
  8 bats
  A giant cockroach (D:1)
  3 gnoll zombies (Ossuary)
  3 goblins
  4 hobgoblins
  4 quokkas
  8 frilled lizards
  A goblin zombie (Ossuary)
  3 hobgoblin zombies (Ossuary)
  12 kobolds
  A leopard gecko skeleton (D:4)
  5 orc zombies (Ossuary)
  4 rats
151 creatures vanquished.

Vanquished Creatures (others)
  A hobgoblin (D:3)
  A rat (D:3)
  4 plants (D:8)
6 creatures vanquished.

Grand Total: 157 creatures vanquished

Notes
Turn   | Place    | Note
-------+----------+-------------------------------------------
     0 | D:1      | tilp the Spriggan Enchanter began the quest for the Orb.
     0 | D:1      | Reached XP level 1. HP: 9/9 MP: 5/5
   285 | D:1      | Reached XP level 2. HP: 13/13 MP: 6/6
   400 | D:1      | Learned a level 2 spell: Ensorcelled Hibernation
   781 | D:2      | Reached skill level 5 in Stealth
   801 | D:2      | Reached XP level 3. HP: 14/16 MP: 1/8
   806 | D:2      | Learned a level 3 spell: Confuse
  1292 | D:2      | Reached XP level 4. HP: 13/21 MP: 0/9
  1675 | D:2      | Noticed Natasha
  1822 | D:2      | You fall through a shaft!
  2132 | D:3      | Found a radiant altar of Vehumet.
  2878 | D:3      | Noticed Terence
  2944 | D:3      | Noticed Jessica
  2977 | D:3      | Reached skill level 6 in Stealth
  3095 | D:3      | Killed Jessica
  3095 | D:3      | Reached XP level 5. HP: 20/24 MP: 1/10
  3429 | D:4      | Reached skill level 5 in Short Blades
  3570 | D:4      | Found a staircase to the Ecumenical Temple.
  3574 | D:4      | Reached skill level 7 in Stealth
  3574 | D:4      | Reached XP level 6. HP: 25/28 MP: 8/11
  3585 | Temple   | Entered the Ecumenical Temple
  3595 | Temple   | Became a worshipper of Kikubaaqudgha
  4038 | D:5      | Entered Level 5 of the Dungeon
  4062 | D:5      | Reached skill level 8 in Stealth
  4070 | D:5      | Found a sand-covered staircase.
  4311 | Ossuary  | Entered an ossuary
  5355 | Ossuary  | Reached skill level 5 in Hexes
  5686 | D:5      | Reached XP level 7. HP: 32/32 MP: 7/12
  5764 | D:5      | Learned a level 1 spell: Confusing Touch
  5768 | D:5      | Learned a level 3 spell: Tukima's Dance
  5771 | D:5      | You fall through a shaft for 2 floors!
  6078 | D:6      | Noticed Sigmund
  6419 | D:5      | Found a transporter.
  6430 | D:5      | Found a transporter.
  6430 | D:5      | Noticed Hasart's ghost (amateur KoGl)
  7011 | D:6      | Noticed Eustachio
  7170 | D:6      | Found Yhiwnav's Food Boutique.
  7267 | D:6      | Reached skill level 1 in Fighting
  7485 | D:6      | Reached XP level 8. HP: 37/38 MP: 6/13
  7512 | D:5      | Reached * piety under Kikubaaqudgha
  7512 | D:5      | Identified Kikubaaqudgha's Papyrus of Stolen Souls
                  | (Kikubaaqudgha gifted it to you on level 5 of the Dungeon)
  7512 | D:5      | Received a gift from Kikubaaqudgha
  7523 | D:5      | Learned a level 2 spell: Blink
  8041 | D:6      | Noticed Menkaure
  8086 | D:6      | Found a runed translucent door.
  8087 | D:6      | Noticed Crazy Yiuf
  8272 | D:6      | Reached skill level 5 in Dodging
  8435 | D:6      | Found a shadowy altar of Dithmenos.
  8667 | D:6      | Killed Menkaure
 10003 | D:8      | Reached skill level 9 in Stealth
 10279 | D:8      | Found a staircase to the Lair.
 10781 | D:8      | Noticed a komodo dragon
 10787 | D:8      | Killed a komodo dragon
 10787 | D:8      | Reached skill level 10 in Stealth
 10787 | D:8      | Reached XP level 9. HP: 43/44 MP: 14/14
 10806 | D:8      | Noticed a cyclops
 10831 | D:8      | Killed a cyclops
 10994 | D:8      | Reached skill level 11 in Stealth
 11049 | D:8      | Reached ** piety under Kikubaaqudgha
 11380 | D:9      | Noticed a centaur warrior
 11448 | D:9      | Noticed a two-headed ogre
 11460 | D:9      | Annihilated by a two-headed ogre

Levels and vault maps discovered:
D:1:      roderic_crop_circles_arrival_small, layout_loops_ring,
          corexii_corridor_pit, minivault_19
D:2:      layout_basic, minmay_3d_cube, uniq_natasha
D:3:      layout_basic, fiery_altar_vehumet, uniq_terence, uniq_jessica
D:4:      layout_rooms, minmay_temple_entry_grid, first_ration
D:5:      layout_basic, gammafunk_ghost_arena, chequers_ossuary_entry_cave,
          uniq_pikel
D:6:      layout_layer_cave, serial_shops, nicolae_shop_trees,
          grunt_dithmenos_smoke_and_mirrors, uniq_menkaure,
          uniq_crazy_yiuf_cottage, uniq_eustachio, uniq_sigmund
D:7:      layout_loops_corners
D:8:      layout_loops_ring, david_lair_shrubbed
D:9:      layout_basic
Temple:   dpeg_three_leaves_temple

Skill      XL: |  1  2  3  4  5  6  7  8  9 |
---------------+----------------------------+-----
Short Blades   | 2 3 4 5 6 7 |  7.9
Stealth        | 5 6 7 8 10 11 | 11.5
Hexes          | 6 8 |  8.0
Fighting       | 1 3 |  3.0
Dodging        | 4 8 |  8.0
Spellcasting   | |  2.6

Action                   |  1- 3 |  4- 6 |  7- 9 || total
-------------------------+-------+-------+-------++-------
Melee: Dagger            |   116 |   264 |   282 ||   662
Throw: Stone             |       |    61 |     1 ||    62
       Tomahawk          |       |       |     2 ||     2
 Cast: Ensorcelled Hiber |    14 |    43 |    77 ||   134
       Corona            |     4 |     3 |    11 ||    18
       Confusing Touch   |       |       |    10 ||    10
       Confuse           |       |       |     2 ||     2
Evoke: Wand              |       |       |     5 ||     5
  Use: Scroll            |     1 |     5 |    10 ||    16
       Potion            |       |     2 |     2 ||     4
 Stab: Sleeping          |    15 |    32 |    40 ||    87
       Confused          |       |       |    10 ||    10
       Invisible         |       |       |     2 ||     2
  Eat: Ration            |       |     3 |     5 ||     8
Armor: Robe              |     3 |    12 |     5 ||    20
       Skin              |       |       |     6 ||     6
Dodge: Dodged            |    29 |   123 |   161 ||   313

Table legend:
 A = Non-vault XP
 B = Vault XP
 C = Vault XP percentage of total XP
 D = Non-vault monster count
 E = Vault monster count
 F = Vault count percentage of total count
                 A         B        C        D         E       F
            +---------+---------+-------+---------+---------+-------
      Total |    3524 |     745 |  17.5 |     130 |      21 |  13.9
            +---------+---------+-------+---------+---------+-------
        D:1 |      21 |       0 |   0.0 |      10 |       0 |   0.0
        D:2 |      88 |       3 |   3.3 |      18 |       2 |  10.0
        D:3 |      72 |      37 |  33.9 |      20 |       1 |   4.8
        D:4 |     202 |       0 |   0.0 |      13 |       0 |   0.0
        D:5 |     341 |       0 |   0.0 |      16 |       0 |   0.0
        D:6 |     625 |     154 |  19.8 |      14 |       1 |   6.7
        D:7 |     582 |       0 |   0.0 |      11 |       0 |   0.0
        D:8 |    1593 |     383 |  19.4 |      28 |       1 |   3.4
    Ossuary |       0 |     168 | 100.0 |       0 |      16 | 100.0
            +---------+---------+-------+---------+---------+-------
